 Dungeon Crawl Stone Soup version 0.22.0-36-g8e74550 (webtiles) character file.

819 Monsterracer the Chopper (level 7, -11/62 HPs)
             Began as a Minotaur Fighter on Aug 24, 2018.
             Mangled by a hornet (15 damage)
             ... on level 5 of the Dungeon.
             The game lasted 00:01:31 (1499 turns).

Monsterracer the Chopper (Minotaur Fighter)         Turns: 1499, Time: 00:01:32

Health: -11/62     AC:  7    Str: 20    XL:     7   Next: 63%
Magic:  6/6        EV: 12    Int:  5    God:
Gold:   132        SH: 10    Dex: 12    Spells: 6/6 levels left

rFire    . . .     SeeInvis .   a - +0 war axe
rCold    . . .     Gourm    .   f - +0 shield
rNeg     . . .     Faith    .   d - +0 scale mail
rPois    +         Spirit   .   (helmet restricted)
rElec    .         Reflect  .   (no cloak)
rCorr    .         Harm     .   (no gloves)
MR       .....                  (no boots)
Stlth    ..........             (no amulet)
HPRegen  0.20/turn              o - +5 ring of evasion
MPRegen  0.10/turn              p - ring of poison resistance

@: slowed, very slow
A: retaliatory headbutt, horns 2
a: no special abilities


You were on level 5 of the Dungeon.
You were not hungry.

You visited 1 branch of the dungeon, and saw 5 of its levels.

You collected 132 gold pieces.

Inventory:

Hand Weapons
 a - a +0 war axe (weapon)
 b - a +2 whip of freezing
Armour
 d - a +0 scale mail (worn)
 f - a +0 shield (worn)
Jewellery
 o - a +5 ring of evasion (left hand)
 p - a ring of poison resistance (right hand)
Wands
 s - a wand of clouds (5)
Scrolls
 k - a scroll of fear {unknown}
 l - 3 scrolls of remove curse {unknown}
 m - 3 scrolls of identify {unknown}
 r - a scroll of teleportation {unknown}
Potions
 e - a potion of agility
 g - a potion of degeneration {unknown}
 h - a potion of resistance {unknown}
 i - 3 potions of flight {unknown}
 j - a potion of cancellation {unknown}
 n - a potion of heal wounds {unknown}
 q - 4 potions of curing {unknown}
Comestibles
 c - 6 rations


   Skills:
 + Level 5.9 Fighting
 * Level 6.9 Axes
 + Level 5.8 Armour
 + Level 5.8 Shields


You had 6 spell levels left.
You didn't know any spells.
Your spell library was empty.

Dungeon Overview and Level Annotations

Branches:
Dungeon (5/15)
 Temple: D:4-7

Altars:
Elyvilon
Fedhas
Nemelex Xobeh

Shops:
D:4 (


Innate Abilities, Weirdness & Mutations

You reflexively headbutt those who attack you in melee.
You have a pair of horns on your head.


Message History

a wand of flame (9); an enchanted whip; a robe; a gnoll skeleton x2
Key pressed, stopping explore.
No target in view!
Key pressed, stopping explore.
You swap places.
You butcher the adder corpse.
t - 2 chunks of flesh You see here an adder skeleton. x2
Eating one of 2 chunks of flesh.
You eat one of the 2 chunks of flesh.
This raw flesh tastes terrible.
You see here an adder skeleton.
Found a stone staircase leading down.
There is a stone staircase leading down here.
Done exploring.
No target in view!
Done exploring.
No target in view!
There is a stone staircase leading down here.
You climb downwards.
There is a stone staircase leading up here.
Key pressed, stopping explore.
No target in view!
There is a stone staircase leading up here.
A giant cockroach comes into view.
Found 2 murky cyan potions.
A giant cockroach is nearby!
You closely miss the giant cockroach. The giant cockroach barely misses you.
A giant cockroach is nearby!
You barely miss the giant cockroach. The giant cockroach misses you.
The giant cockroach closely misses you.
You slash the giant cockroach!
You kill the giant cockroach!
q - 4 murky cyan potions (gained 2)
Found a stone staircase leading down.
No target in view!
No target in view!
You now have 132 gold pieces (gained 12).
A quokka zombie comes into view.
A quokka zombie is nearby!
A quokka zombie is nearby!
You slash the quokka zombie!
You destroy the quokka zombie!
A hornet comes into view.
The hornet buzzes angrily.
All of the chunks of flesh in your inventory have rotted away.
Found 5 arrows.
A hornet is nearby!
You closely miss the hornet.
You headbutt the hornet, but do no damage.
You block the hornet's attack. The hornet closely misses you.
A hornet is nearby!
You miss the hornet. Your headbutt misses the hornet. The hornet stings you.
You block the hornet's attack.
You take 1 damage, and have 61/62 hp.
You barely miss the hornet. Your headbutt misses the hornet.
You block the hornet's attack. The hornet misses you.
You hit the hornet.
The hornet is lightly wounded.
The hornet barely misses you. You furiously retaliate!
You headbutt the hornet! The hornet stings you!
You feel yourself slow down.
You take 12 damage, and have 49/62 hp.
You hit the hornet but do no damage. You headbutt the hornet!
The hornet is heavily wounded.
You feel yourself speed up. You block the hornet's attack.
The hornet stings you.
You take 1 damage, and have 48/62 hp.
Unknown command.
You barely miss the hornet.
The hornet is heavily wounded.
The hornet stings you! The hornet barely misses you.
You take 8 damage, and have 40/62 hp.
Unknown command.
You hit the hornet but do no damage. Your headbutt misses the hornet.
The hornet is heavily wounded.
You block the hornet's attack. The hornet stings you!
You feel yourself slow down.
You take 9 damage, and have 31/62 hp.
You hit the hornet but do no damage.
The hornet is heavily wounded.
The hornet stings you!
* * * LOW HITPOINT WARNING * * *
The hornet stings you!
* * * LOW HITPOINT WARNING * * *
You feel as though you will be slow longer.
You block the hornet's attack.
You take 27 damage, and have 4/62 hp.
MASSIVE DAMAGE!!
Unknown command.
You slash the hornet!
The hornet is severely wounded.
You feel yourself speed up. The hornet stings you.
* * * LOW HITPOINT WARNING * * *
You feel yourself slow down. You block the hornet's attack.
You miss the hornet.
You headbutt the hornet, but do no damage.
The hornet is severely wounded.
The hornet stings you!
You die...

#.# #.######....#
...#.## ###...#
####.#..####.....#
.............#...#
##.....######...#
##.#.......#...#
#....####.####..
....###.........
...
###.....@##.....
.... #####.y# ##.
.> #... .....
......# .......#
#.......#
#.(.....#


You could see a hornet.

Vanquished Creatures
  Pikel (D:4)
  A slave (D:4)
  2 scorpions (D:4)
  An orc priest (D:3)
  A gnoll shaman (D:4)
  A worker ant (D:4)
  A hound skeleton (D:4)
  5 gnolls (D:4)
  4 adders
  An ooze (D:4)
  2 worms
  A dart slug (D:4)
  A leopard gecko (D:4)
  7 orcs
  A ball python (D:4)
  3 giant cockroaches
  3 goblins (D:3)
  4 hobgoblins
  2 jackals (D:2)
  3 kobolds
  3 quokkas
  A bat (D:2)
  2 frilled lizards
  A quokka skeleton (D:4)
  A quokka zombie (D:5)
  3 rats
  A plant (D:4)
57 creatures vanquished.

Vanquished Creatures (others)
  A frilled lizard (D:4)
1 creature vanquished.

Grand Total: 58 creatures vanquished

Notes
Turn   | Place    | Note
-------+----------+-------------------------------------------
     0 | D:1      | Monsterracer the Minotaur Fighter began the quest for the Orb.
     0 | D:1      | Reached XP level 1. HP: 19/19 MP: 0/0
    47 | D:2      | Found a sparkling altar of Nemelex Xobeh.
   189 | D:2      | Reached XP level 2. HP: 22/27 MP: 1/1
   289 | D:2      | Reached skill level 3 in Axes
   503 | D:3      | Found a blossoming altar of Fedhas.
   511 | D:3      | Reached XP level 3. HP: 27/33 MP: 2/2
   654 | D:3      | Reached skill level 4 in Axes
   654 | D:3      | Reached XP level 4. HP: 29/41 MP: 3/3
   704 | D:4      | Noticed a slave
   707 | D:4      | Noticed Pikel
   716 | D:4      | Killed a slave
   720 | D:4      | Killed Pikel
   720 | D:4      | Reached skill level 5 in Fighting
   720 | D:4      | Reached skill level 6 in Axes
   720 | D:4      | Reached skill level 5 in Armour
   720 | D:4      | Reached skill level 5 in Shields
   720 | D:4      | Reached XP level 5. HP: 14/48 MP: 4/4
   720 | D:4      | Reached XP level 6. HP: 16/56 MP: 5/5
   720 | D:4      | Reached XP level 7. HP: 17/61 MP: 6/6
  1052 | D:4      | Found a blossoming altar of Fedhas.
  1184 | D:4      | Found a white marble altar of Elyvilon.
  1213 | D:4      | Found Kebity's Weapon Emporium.
  1456 | D:5      | Entered Level 5 of the Dungeon
  1487 | D:5      | Noticed a hornet
  1499 | D:5      | Mangled by a hornet

Skill      XL: |  1  2  3  4 |
---------------+-------------+-----
Axes           | 3 4 6 |  6.9
Fighting       | 4 5 |  5.9
Armour         | 4 5 |  5.8
Shields        | 4 5 |  5.8

Action                   |  1- 3 |  4- 6 |  7- 9 || total
-------------------------+-------+-------+-------++-------
Melee: War axe           |    76 |    16 |    61 ||   153
       Headbutt          |     8 |     4 |    16 ||    28
  Use: Potion            |       |     1 |       ||     1
  Eat: Chunk             |       |       |     2 ||     2
Armor: Scale mail        |    26 |       |     5 ||    31
Dodge: Dodged            |    33 |     8 |    26 ||    67
Block: Shield            |    39 |     5 |    33 ||    77

Vault maps used:
D:1:      shiori_arrival_maze, hex_intersection, xom_teletrap_fun
D:2:      nemelex_xobeh_ov_fountains_minmay
D:3:      lemuel_doored_altar, yredelemnul_forgotten_temple_becter,
          first_ration, fedhas_altar_2
D:4:      lemuel_crystal_altar, lemuel_coloured_pillars_altar, serial_shops,
          shop_fountains, serial_forest, infiniplex_forest_clump_small,
          infiniplex_forest_end_2, infiniplex_forest_clump_small,
          infiniplex_forest_straight_2, infiniplex_forest_lined_3,
          infiniplex_forest_straight_4, infiniplex_forest_zigzag_1, uniq_pikel
D:5:      serial_shops, shop, saegor_snake_ambush
